 Dungeon Crawl Stone Soup version 0.30.1-3-gfc49f6343a (webtiles) character file.

Game seed: 1366757302258595302

9191 jtron the Tainter (level 11, -3/84 HPs)
             Began as a Gnoll Wanderer on Aug 7, 2023.
             Was a Believer of Vehumet.
             Slain by a wyvern (10 damage)
             ... on level 9 of the Dungeon.
             The game lasted 00:36:42 (11693 turns).

jtron the Tainter (Gnoll Wanderer)                 Turns: 11693, Time: 00:36:42

Health: -3/84      AC: 14    Str: 14    XL:     11   Next: 42%
Magic:  21/21      EV: 14    Int: 13    God:    Vehumet [**....]
Gold:   555        SH:  5    Dex: 12    Spells: 11/24 levels left

rFire   . . .        a - +2 hammer (holy)
rCold   . . .        D - +0 buckler
rNeg    . . .        q - +2 robe {Will+}
rPois   .            b - +1 helmet
rElec   .            h - +1 cloak
rCorr   .            (no gloves)
SInv    .            v - +0 pair of boots
Will    +....        (no amulet)
Stlth   +++          m - +4 ring of protection
HPRegen 0.34/turn    (no ring)
MPRegen 0.17/turn

%: no passive effects
@: no status effects
A: fangs 1, strong nose, distributed training
a: Renounce Religion


You were on level 9 of the Dungeon.
You worshipped Vehumet.
Vehumet was pleased with you.
You visited 2 branches of the dungeon, and saw 11 of its levels.
You also visited: Ossuary.

You collected 675 gold pieces.
You spent 120 gold pieces at shops.

Inventory:

Hand Weapons
 a - a +2 hammer of holy wrath (weapon)
 d - a +0 mace
 K - a +3 hand axe of freezing
Missiles
 l - 36 stones
 G - 15 poisoned darts (quivered)
Armour
 b - a +1 helmet (worn)
 h - a +1 cloak (worn)
 n - a +1 hat of see invisible
 q - a +2 robe of willpower (worn)
 v - a +0 pair of boots (worn)
 D - a +0 buckler (worn)
 I - a +2 robe of positive energy
Jewellery
 m - a +4 ring of protection (left hand)
 p - a ring of positive energy
 C - an amulet of reflection
 E - an amulet of regeneration
 F - an amulet of the acrobat
Wands
 o - a wand of paralysis (14)
 y - a wand of iceblast (11)
Scrolls
 c - 3 scrolls of teleportation
 e - 3 scrolls of vulnerability
 f - 3 scrolls of amnesia
 k - 2 scrolls of poison
 r - a scroll of fear
 s - 2 scrolls of butterflies
 t - a scroll of blinking
 w - 2 scrolls of fog
 z - 3 scrolls of magic mapping
 A - 2 scrolls of immolation
 B - a scroll of identify
Potions
 g - 3 potions of flight
 i - 2 potions of curing
 j - a potion of lignification
 u - 2 potions of brilliance
 H - 2 potions of mutation
 J - 2 potions of magic


   Skills:
 + Level 7.1 Fighting
 + Level 6.5 Short Blades
 + Level 6.5 Long Blades
 + Level 6.5 Axes
 + Level 7.1 Maces & Flails
 + Level 6.5 Polearms
 + Level 6.5 Staves
 + Level 6.5 Ranged Weapons
 + Level 6.5 Throwing
 + Level 6.5 Armour
 + Level 8.0 Dodging
 + Level 6.5 Stealth
 + Level 6.5 Shields
 + Level 6.5 Unarmed Combat
 + Level 7.1 Spellcasting
 + Level 5.4 Conjurations
 + Level 5.4 Hexes
 + Level 5.4 Summonings
 + Level 5.4 Necromancy
 + Level 5.4 Translocations
 + Level 5.4 Transmutations
 + Level 5.4 Fire Magic
 + Level 5.4 Ice Magic
 + Level 5.4 Air Magic
 + Level 5.4 Earth Magic
 + Level 9.0 Poison Magic
 + Level 7.1 Invocations
 + Level 7.1 Evocations


You had 11 spell levels left.
You knew the following spells:

 Your Spells              Type           Power      Damage    Failure   Level
a - Sting                 Tmut/Pois      92%        1d7       1%          1
b - Magic Dart            Conj           72%        1d6       1%          1
c - Swiftness             Air            18%        N/A       6%          3
d - Passwall              Tmut/Erth      15%        N/A       3%          2
e - Ensorcelled Hibernat  Hex/Ice        36%        N/A       3%          2
r - Olgreb's Toxic Radia  Pois           28%        N/A       4%          4

Your spell library contained the following spells:

 Spells                   Type           Power      Damage    Failure   Level
 Sandblast                Erth           36%        2d10      1%          1
 Shock                    Conj/Air       72%        1d7       1%          1
 Cigotuvi's Dreadful Rot  Necr/Pois/Air  42%        N/A       1%          2
 Sublimation of Blood     Necr           18%        N/A       3%          2
 Vhi's Electric Charge    Tloc/Air       36%        N/A       6%          3
 Airstrike                Air            9%         2d(2-18)  21%         4
 Petrify                  Tmut/Erth      18%        N/A       21%         4
 Arcjolt                  Conj/Air       9%         1d19      50%         5
 Blade Hands              Tmut           9%         N/A       50%         5
 Irradiate                Conj/Tmut      9%         3d14      50%         5
 Dragon Form              Tmut           9%         N/A       100%        7
 Maxwell's Capacitive Co  Air            9%         ∞         100%        8


Dungeon Overview and Level Annotations

Branches:
Dungeon (10/15)            Temple (1/1) D:7         Ossuary (visited)
   Lair: D:8-11         Orc: D:9-12

Altars:
Ashenzari
Cheibriados
Dithmenos
Elyvilon
Fedhas
Gozag
Hepliaklqana
Kikubaaqudgha
Makhleb
Nemelex Xobeh
Okawaru
Qazlal
Ru
Sif Muna
Trog
Uskayaw
Vehumet
Wu Jian
Xom
Yredelemnul
Zin
The Shining One

Shops:
D:3 [:!   D:7 [***(   D:8 *


Innate Abilities, Weirdness & Mutations

You have very sharp teeth.
Your uncanny sense of smell can sniff out nearby items.
Your experience applies equally to all skills.


Message History

The wyvern is heavily wounded.
You barely miss the wyvern.
The wyvern is heavily wounded.
The wyvern bites you but does no damage.
The wyvern barely misses you.
You hit the wyvern. You bite the wyvern, but do no damage.
The wyvern is severely wounded.
You hit the wyvern but do no damage.
The wyvern is severely wounded.
You feel yourself slow down.
The wyvern looks more healthy.
The wyvern bites you but does no damage.
The wyvern bites you!
* * * LOW HITPOINT WARNING * * *
You closely miss the wyvern.
The wyvern is severely wounded.
The wyvern bites you.
* * * LOW HITPOINT WARNING * * *
You closely miss the wyvern. You bite the wyvern, but do no damage.
The wyvern is severely wounded.
The wyvern closely misses you. The wyvern barely misses you.
You hit the wyvern.
The wyvern is severely wounded.
The wyvern bites you but does no damage.
You feel better. The wyvern misses you.
The wyvern bites you but does no damage.
You closely miss the wyvern.
The wyvern is severely wounded.
The wyvern bites you.
* * * LOW HITPOINT WARNING * * *
You hit the wyvern but do no damage.
The wyvern is severely wounded.
The wyvern bites you.
* * * LOW HITPOINT WARNING * * *
The wyvern bites you!
* * * LOW HITPOINT WARNING * * *
You sock the wyvern!
The wyvern is almost dead.
You block the wyvern's attack. The wyvern bites you!
You die...

#...#...........#
#.##.###.######.# #.##.# #.#
#.# #####.##.###.# #.#
##..........#.######.###
...#.................[.#
##.....#.#.#..######.#[#
#.....#..##...#####.#.#####
#...>...###....@l.........#
#.....##.##...#####.#.#.#.#
##....###.#..## ##..#.##..#
#....###..### #.#...###.#
#.........# ##...###..#
####..##.##.# ##..##.#.#
...#........### #..#.##.#
..............######...###.#
##...###.####............#.#


You could see a wyvern.

Vanquished Creatures
  Gastronok (D:8)
  A komodo dragon (D:9)
  Grinder (D:4)
  Prince Ribbit (D:8)
  2 wyverns
  18 yaks
  4 water moccasins
  3 ice beasts
  2 orc warriors
  A black bear (D:5)
  A sky beast (D:8)
  An ogre (D:3)
  2 phantoms
  3 centaurs
  A kobold brigand (D:7)
  4 bullfrogs
  An elf zombie (Ossuary)
  2 scorpions (D:5)
  14 wights
  11 killer bees
  7 howler monkeys
  2 human zombies (Ossuary)
  3 gnoll boudas
  5 hounds
  5 orc priests
  Crazy Yiuf (D:3)
  A sleepcap (D:5)
  Jessica (D:3)
  An iguana (D:5)
  6 orc wizards
  2 mummies (Ossuary)
  Robin (D:2)
  6 adders
  12 gnolls
  A shadow imp (D:6)
  3 white imps
  A worm (D:4)
  A dart slug (D:1)
  21 orcs
  6 ball pythons
  2 bats
  9 endoplasms
  3 giant cockroaches
  21 goblins
  6 hobgoblins
  5 jackals
  10 kobolds
  2 quokkas
  A frilled lizard (D:1)
  10 hobgoblin zombies (Ossuary)
  A jackal zombie (Ossuary)
  11 kobold zombies (Ossuary)
  8 orc zombies (Ossuary)
  3 rats
  4 rat zombies (Ossuary)
  A spectral orc (D:7)
257 creatures vanquished.

Notes
Turn   | Place    | Note
-------+----------+-------------------------------------------
     0 | D:1      | jtron the Gnoll Wanderer began the quest for the Orb.
     0 | D:1      | jtron set off with the following items: a +0 mace, a +0
                  | helmet, a scroll of teleportation, a +0 leather armour; and
                  | the following spell memorised: Sting; and the following
                  | spells available to memorise: Cigotuvi's Dreadful Rot,
                  | Olgreb's Toxic Radiance.
     0 | D:1      | Reached XP level 1. HP: 17/17 MP: 4/4
   205 | D:1      | Reached XP level 2. HP: 23/23 MP: 2/5
   637 | D:1      | Reached XP level 3. HP: 28/28 MP: 5/7
   992 | D:2      | Noticed Robin
  1010 | D:2      | Killed Robin
  1011 | D:2      | Reached skill level 1 in Invocations
  1113 | D:2      | Reached skill level 1 in Short Blades
  1113 | D:2      | Reached skill level 1 in Long Blades
  1113 | D:2      | Reached skill level 1 in Axes
  1113 | D:2      | Reached skill level 1 in Polearms
  1113 | D:2      | Reached skill level 1 in Staves
  1113 | D:2      | Reached skill level 1 in Ranged Weapons
  1113 | D:2      | Reached skill level 1 in Throwing
  1113 | D:2      | Reached skill level 1 in Armour
  1113 | D:2      | Reached skill level 1 in Stealth
  1113 | D:2      | Reached skill level 1 in Shields
  1113 | D:2      | Reached skill level 1 in Unarmed Combat
  1146 | D:2      | Reached XP level 4. HP: 34/34 MP: 6/8
  1360 | D:2      | Reached skill level 1 in Conjurations
  1360 | D:2      | Reached skill level 1 in Hexes
  1360 | D:2      | Reached skill level 1 in Summonings
  1360 | D:2      | Reached skill level 1 in Necromancy
  1360 | D:2      | Reached skill level 1 in Translocations
  1360 | D:2      | Reached skill level 1 in Transmutations
  1360 | D:2      | Reached skill level 1 in Fire Magic
  1360 | D:2      | Reached skill level 1 in Ice Magic
  1360 | D:2      | Reached skill level 1 in Air Magic
  1360 | D:2      | Reached skill level 1 in Earth Magic
  1816 | D:3      | Found Reytruwk's Distillery.
  1822 | D:3      | Bought a potion of heal wounds for 60 gold pieces
  1843 | D:3      | Found Useipleg's Book Shop.
  1965 | D:3      | Found Unanamp's Antique Armour Shop.
  2081 | D:3      | Reached XP level 5. HP: 38/40 MP: 1/9
  2253 | D:3      | Noticed Jessica
  2263 | D:3      | Killed Jessica
  2315 | D:3      | Noticed an ogre
  2357 | D:3      | Killed an ogre
  2358 | D:3      | Reached XP level 6. HP: 47/47 MP: 3/11
  2619 | D:3      | Found a runed translucent door.
  2620 | D:3      | Noticed Crazy Yiuf
  2803 | D:3      | Killed Crazy Yiuf
  2804 | D:3      | Reached skill level 5 in Dodging
  3440 | D:4      | Noticed Grinder
  3507 | D:4      | Killed Grinder
  3508 | D:4      | Reached XP level 7. HP: 52/52 MP: 12/12
  3515 | D:4      | Found a basalt altar of Yredelemnul.
  3515 | D:4      | Found a snail-covered altar of Cheibriados.
  3690 | D:5      | Entered Level 5 of the Dungeon
  4040 | D:5      | Found a sacrificial altar of Ru.
  4059 | D:5      | Reached XP level 8. HP: 60/60 MP: 12/14
  4954 | D:6      | Found a sand-covered staircase.
  5031 | Ossuary  | Entered an ossuary
  5283 | Ossuary  | Reached XP level 9. HP: 60/66 MP: 16/16
  5479 | D:6      | Reached skill level 5 in Spellcasting
  5708 | D:6      | Found a glowing golden altar of the Shining One.
  6149 | D:7      | Found Ottaisto's Antique Weapon Boutique.
  6164 | D:7      | Reached skill level 8 in Poison Magic
  6171 | D:7      | Reached skill level 5 in Fighting
  6171 | D:7      | Reached skill level 5 in Maces & Flails
  6171 | D:7      | Reached skill level 5 in Evocations
  6276 | D:7      | Found a staircase to the Ecumenical Temple.
  6289 | Temple   | Entered the Ecumenical Temple
  6522 | Temple   | Became a worshipper of Vehumet
  6582 | D:7      | Found a hazy altar of Hepliaklqana.
  6646 | D:7      | Found Rujomo's General Store.
  6678 | D:7      | Bought a potion of heal wounds for 60 gold pieces
  6795 | D:7      | Found Xehom's Assorted Antiques.
  6945 | D:7      | Found Jatroel's Armour Boutique.
  7019 | D:7      | Found Rong's Neck Hole.
  7045 | D:7      | Reached skill level 5 in Invocations
  7375 | D:7      | Found a shimmering blue altar of Sif Muna.
  7659 | D:7      | Reached * piety under Vehumet
  7659 | D:7      | Offered knowledge of Magic Dart by Vehumet.
  8078 | D:8      | Reached skill level 5 in Short Blades
  8078 | D:8      | Reached skill level 5 in Long Blades
  8078 | D:8      | Reached skill level 5 in Axes
  8078 | D:8      | Reached skill level 5 in Polearms
  8078 | D:8      | Reached skill level 5 in Staves
  8078 | D:8      | Reached skill level 5 in Ranged Weapons
  8078 | D:8      | Reached skill level 5 in Throwing
  8078 | D:8      | Reached skill level 5 in Armour
  8078 | D:8      | Reached skill level 5 in Stealth
  8078 | D:8      | Reached skill level 5 in Shields
  8078 | D:8      | Reached skill level 5 in Unarmed Combat
  8078 | D:8      | Reached XP level 10. HP: 43/76 MP: 10/18
  8241 | D:8      | Learned a level 1 spell: Magic Dart
  8266 | D:8      | Found Zin's Purification Station.
  8269 | D:8      | Found a glowing silver altar of Zin.
  8780 | D:8      | Found an ornate altar of the Wu Jian Council.
  8780 | D:8      | Found a white marble altar of Elyvilon.
  8923 | D:8      | Noticed Gastronok
  8927 | D:8      | Noticed Prince Ribbit
  8973 | D:8      | Killed Gastronok
  8973 | D:8      | Killed Prince Ribbit
  9637 | D:8      | Offered knowledge of Sandblast by Vehumet.
  9814 | D:9      | Reached ** piety under Vehumet
  9972 | D:10     | Entered Level 10 of the Dungeon
 10136 | D:9      | Learned a level 3 spell: Swiftness
 10139 | D:9      | Learned a level 2 spell: Passwall
 10144 | D:9      | Learned a level 4 spell: Olgreb's Toxic Radiance
 10147 | D:9      | Learned a level 2 spell: Ensorcelled Hibernation
 10467 | D:9      | Reached skill level 5 in Conjurations
 10467 | D:9      | Reached skill level 5 in Hexes
 10467 | D:9      | Reached skill level 5 in Summonings
 10467 | D:9      | Reached skill level 5 in Necromancy
 10467 | D:9      | Reached skill level 5 in Translocations
 10467 | D:9      | Reached skill level 5 in Transmutations
 10467 | D:9      | Reached skill level 5 in Fire Magic
 10467 | D:9      | Reached skill level 5 in Ice Magic
 10467 | D:9      | Reached skill level 5 in Air Magic
 10467 | D:9      | Reached skill level 5 in Earth Magic
 10474 | D:9      | Reached XP level 11. HP: 70/83 MP: 10/21
 11319 | D:9      | Reached skill level 9 in Poison Magic
 11693 | D:9      | Slain by a wyvern

Illustrated notes

Levels and vault maps discovered:
D:1:      matt_arrival_los_fun, layout_loops_ring
D:2:      layout_basic, serial_glass, glass_columns_b, glass_columns_a,
          uniq_robin
D:3:      layout_loops_ring, serial_shops, nicolae_shop_behind_doors,
          nicolae_shop_pleasant_corner_grove, shop, minmay_ogre_servants,
          uniq_crazy_yiuf_cottage, uniq_jessica
D:4:      layout_loops_ring, gammafunk_temple_overflow_elements, uniq_grinder
D:5:      layout_basic, nicolae_overflow_hidden_temple
D:6:      layout_gridville, tso_oasis_becter, nicolae_ossuary_entry_plus
D:7:      layout_basic, mainiacjoe_overflow_cross_hatched,
          nicolae_hepliaklqana_monster_ancestors, minmay_temple_entry_poolview,
          serial_shops, shop, shop, shop, shop,
          nicolae_shop_sticking_my_neck_out
D:8:      layout_basic, mainiacjoe_overflow_divided_tiny, zin_purify,
          uniq_gastronok, uniq_prince_ribbit1
D:9:      layout_loops_ring, due_lair_maze_entry_diamond
D:10:     layout_basic, uniq_fannar
Temple:   nicolae_temple_figure_eight

Skill      XL: |  1  2  3  4  5  6  7  8  9 10 11 |
---------------+----------------------------------+-----
Invocations    | 1 2 3 4 5 6 7 |  7.1
Short Blades   | 1 2 3 5 6 |  6.5
Long Blades    | 1 2 3 5 6 |  6.5
Axes           | 1 2 3 5 6 |  6.5
Polearms       | 1 2 3 5 6 |  6.5
Staves         | 1 2 3 5 6 |  6.5
Ranged Weapons | 1 2 3 5 6 |  6.5
Throwing       | 1 2 3 5 6 |  6.5
Armour         | 1 2 3 5 6 |  6.5
Stealth        | 1 2 3 5 6 |  6.5
Shields        | 1 2 3 5 6 |  6.5
Unarmed Combat | 1 2 3 5 6 |  6.5
Spellcasting   | 3 4 5 6 7 |  7.1
Conjurations   | 1 2 3 4 5 |  5.4
Hexes          | 1 2 3 4 5 |  5.4
Summonings     | 1 2 3 4 5 |  5.4
Necromancy     | 1 2 3 4 5 |  5.4
Translocations | 1 2 3 4 5 |  5.4
Transmutations | 1 2 3 4 5 |  5.4
Fire Magic     | 1 2 3 4 5 |  5.4
Ice Magic      | 1 2 3 4 5 |  5.4
Air Magic      | 1 2 3 4 5 |  5.4
Earth Magic    | 1 2 3 4 5 |  5.4
Fighting       | 3 4 5 6 7 |  7.1
Maces & Flails | 3 4 5 6 7 |  7.1
Evocations     | 3 4 5 6 7 |  7.1
Dodging        | 5 6 7 8 |  8.0
Poison Magic   | 8 9 |  9.0

Action                     |  1- 3 |  4- 6 |  7- 9 | 10-12 || total
---------------------------+-------+-------+-------+-------++-------
  Melee: Mace              |    48 |    88 |   385 |   283 ||   804
         Bite              |     5 |    15 |    46 |    41 ||   107
         Punch             |     1 |       |    12 |     5 ||    18
  Throw: Stone             |       |     6 |     1 |       ||     7
         Boomerang         |       |     2 |     3 |       ||     5
         Dart              |       |       |     3 |    29 ||    32
   Cast: Sting             |    39 |    73 |    92 |    87 ||   291
         Ensorcelled Hiber |       |       |       |     7 ||     7
         Magic Dart        |       |       |       |    11 ||    11
         Olgreb's Toxic Ra |       |       |       |     9 ||     9
  Evoke: Wand              |       |     3 |     1 |     2 ||     6
    Use: Scroll            |       |    13 |     5 |     5 ||    23
         Potion            |       |     2 |     4 |     2 ||     8
   Stab: Sleeping          |     1 |       |     4 |     3 ||     8
         Paralysed         |       |     4 |     6 |    15 ||    25
 Armour: Leather armour    |    16 |    23 |       |       ||    39
         Robe              |       |    20 |   197 |   123 ||   340
  Dodge: Dodged            |    50 |    67 |   336 |   201 ||   654
  Block: Buckler           |       |       |       |    64 ||    64
